 Dungeon Crawl Stone Soup version 0.29.0-13-gc9e81de378 (webtiles) character file.

Game seed: 12117035226039914059

10448 Bartlander the Basher (level 11, -6/89 HPs)
             Began as a Gnoll Cinder Acolyte on Sept 8, 2022.
             Was a Follower of Ignis.
             Killed from afar by a gargoyle (8 damage)
             ... with a stone arrow
             ... on level 10 of the Dungeon.
             The game lasted 00:49:06 (16659 turns).

Bartlander the Basher (Gnoll Cinder Acolyte)       Turns: 16659, Time: 00:49:07

Health: -6/89      AC: 15    Str: 19    XL:     11   Next: 62%
Magic:  22/22      EV:  9    Int: 18    God:    Ignis [*.....]
Gold:   700        SH:  0    Dex: 11    Spells: 22/24 levels left

rFire   + . .      SeeInvis .   c - +4 flail (spect)
rCold   . . .      Faith    .   (no shield)
rNeg    . . .      Spirit   .   h - +0 chain mail {rPois}
rPois   +          Reflect  .   (no helmet)
rElec   .          Harm     .   (no cloak)
rCorr   .          Rampage  .   D - +0 pair of gloves {Dex+3}
Will    .....                   j - +2 pair of boots
Stlth   ..........              (no amulet)
HPRegen 0.24/turn               f - +6 ring of strength
MPRegen 0.18/turn               (no ring)

@: hasted, very quick
A: fangs 1, strong nose, distributed training
a: Renounce Religion, Fiery Armour, Foxfire Swarm, Rising Flame


You were on level 10 of the Dungeon.
You worshipped Ignis.
Ignis was aware of your devotion.
You visited 2 branches of the dungeon, and saw 11 of its levels.

You collected 700 gold pieces.

Inventory:

Hand Weapons
 a - a +0 broad axe
 c - a +4 spectral flail (weapon)
Missiles
 t - 30 poisoned darts (quivered)
 x - 5 javelins
Armour
 e - a +1 scale mail of cold resistance
 h - a +0 chain mail of poison resistance (worn)
 j - a +2 pair of boots (worn)
 D - a +0 pair of gloves of dexterity (worn)
Jewellery
 f - a +6 ring of strength (left hand)
 l - an amulet of the acrobat
 C - a +4 ring of protection
Wands
 o - a wand of charming (5)
 s - a wand of iceblast (9)
 y - a wand of flame (3)
 z - a wand of light (8)
Scrolls
 g - 4 scrolls of identify
 i - 5 scrolls of teleportation
 p - a scroll of poison
 q - a scroll of amnesia
 w - a scroll of enchant weapon
 E - 2 scrolls of butterflies
Potions
 d - a potion of mutation
 k - 3 potions of flight
 m - a potion of haste
 n - a potion of brilliance {unknown}
 r - 4 potions of curing
 u - a potion of magic
 v - a potion of berserk rage


   Skills:
 + Level 9.5 Fighting
 + Level 6.7 Short Blades
 + Level 6.7 Long Blades
 + Level 6.7 Axes
 + Level 9.5 Maces & Flails
 + Level 6.7 Polearms
 + Level 6.7 Staves
 + Level 6.7 Ranged Weapons
 + Level 6.7 Throwing
 + Level 6.7 Armour
 + Level 6.7 Dodging
 + Level 6.7 Stealth
 + Level 6.7 Shields
 + Level 6.7 Unarmed Combat
 + Level 7.3 Spellcasting
 + Level 5.5 Conjurations
 + Level 5.5 Hexes
 + Level 5.5 Summonings
 + Level 5.5 Necromancy
 + Level 5.5 Translocations
 + Level 5.5 Transmutations
 + Level 7.9 Fire Magic
 + Level 5.5 Ice Magic
 + Level 5.5 Air Magic
 + Level 5.5 Earth Magic
 + Level 5.5 Poison Magic
 + Level 7.3 Invocations
 + Level 6.7 Evocations


You had 22 spell levels left.
You knew the following spells:

 Your Spells              Type           Power      Damage    Failure   Level
a - Scorch                Fire           70%        2d8       6%          2

Your spell library contained the following spells:

 Spells                   Type           Power      Damage    Failure   Level
 Poisonous Vapours        Pois/Air       52%        N/A       16%         2
 Sublimation of Blood     Necr           26%        N/A       16%         2
 Wereblood                Tmut           26%        N/A       16%         2
 Mephitic Cloud           Conj/Pois/Air  26%        N/A       30%         3
 Animate Dead             Necr           26%        N/A       69%         4
 Corpse Rot               Necr/Pois/Air  26%        N/A       69%         4
 Alistair's Intoxication  Tmut/Pois      17%        N/A       95%         5
 Summon Forest            Summ/Tloc      13%        N/A       95%         5
 Summon Mana Viper        Hex/Summ       26%        N/A       95%         5
 Eringya's Noxious Bog    Tmut/Pois      13%        N/A       100%        6
 Summon Cactus Giant      Summ           13%        N/A       100%        6
 Haunt                    Necr/Summ      13%        N/A       100%        7
 Summon Hydra             Summ           13%        N/A       100%        7
 Infestation              Necr           13%        N/A       100%        8


Dungeon Overview and Level Annotations

Branches:
Dungeon (10/15)            Temple (1/1) D:7            Lair (0/5) D:9
    Orc (0/2) D:10

Altars:
Ashenzari
Cheibriados
Dithmenos
Elyvilon
Fedhas
Gozag
Hepliaklqana
Kikubaaqudgha
Makhleb
Nemelex Xobeh
Okawaru
Qazlal
Ru
Sif Muna
Trog
Vehumet
Wu Jian
Xom
Yredelemnul
Zin
The Shining One

Shops:
D:5 :   D:8 =

Annotations:
D:10 Maggie, Urug


Innate Abilities, Weirdness & Mutations

You have very sharp teeth.
Your uncanny sense of smell can sniff out nearby items.
Your experience applies equally to all skills.


Message History

Maggie the Vainglorious comes into view.
She is wielding a +0 halberd of flaming.
Maggie shouts!
There is a stone staircase leading up here.
You climb upwards.
There is a stone staircase leading down here.
You see here a scroll of immolation.
There is a stone staircase leading down here.
You climb downwards.
Level annotation: Maggie, Urug
There is a stone staircase leading up here.
Found a helmet.
You open the door.
Found 9 stones.
A gargoyle comes into view. It is wielding a +0 mace.
The gargoyle hurls a stone arrow at you.
The stone arrow hits you!!
The gargoyle hurls a stone arrow at you.
The stone arrow hits you!
You feel much better. The gargoyle hits you with a +0 mace!
You hit the gargoyle.
The gargoyle is moderately damaged.
Your +4 spectral flail hits the gargoyle but does no damage.
The gargoyle hurls a stone arrow at you.
The stone arrow hits you!!
You hit the gargoyle but do no damage.
The gargoyle is moderately damaged.
Your +4 spectral flail hits the gargoyle but does no damage.
The gargoyle hurls a stone arrow at you.
The stone arrow hits you!
* * * LOW HITPOINT WARNING * * *
You hit the gargoyle but do no damage.
The gargoyle is moderately damaged.
Your +4 spectral flail hits the gargoyle!
The gargoyle hits you with a +0 mace!!
* * * LOW HITPOINT WARNING * * *
You feel yourself speed up.
The gargoyle hurls a stone arrow at you.
The stone arrow hits you!
You die...

.#..##'#####......#...#.......#..
##.........####'###...#.......+..
......................#<......###
......................#..........
......>...............#..........
#####.................#......####
#.................#......#...
###################......#... .
......9@............#...
......ยง..#+#####....#...
######...# #....#..( #...#
#....#'## #...# #........ #...#
#........ #...# #...####. #...#
#...# #...# #.###


You could see a gargoyle.

Vanquished Creatures
  2 two-headed ogres (D:9)
  Joseph (D:7)
  Prince Ribbit (D:7)
  A wyvern (D:8)
  19 yaks
  A steam dragon (D:9)
  Grum (D:10)
  Menkaure (D:4)
  An acid dragon (D:10)
  3 water moccasins
  3 orc warriors
  An ice beast (D:7)
  4 black bears
  4 ogres
  4 wolves (D:10)
  2 centaurs (D:6)
  2 phantoms
  5 kobold brigands
  7 bullfrogs
  2 necrophages
  3 gnoll sergeants
  8 scorpions
  12 wights
  6 howler monkeys
  5 hounds
  4 jellies
  3 orc priests
  6 iguanas
  6 orc wizards
  10 gnolls
  4 adders
  3 shadow imps
  2 white imps
  An ufetubus (D:5)
  2 worms
  A dart slug (D:2)
  46 orcs
  3 bats
  8 endoplasms
  4 giant cockroaches
  6 goblins
  9 hobgoblins
  2 quokkas (D:2)
  5 ball pythons
  4 frilled lizards
  33 kobolds
  8 rats
  A spectral hobgoblin (D:3)
270 creatures vanquished.

Vanquished Creatures (others)
  A quokka (D:7)
  42 foxfires
  33 fungi (D:9)
  40 plants
116 creatures vanquished.

Grand Total: 386 creatures vanquished

Notes
Turn   | Place    | Note
-------+----------+-------------------------------------------
     0 | D:1      | Bartlander the Gnoll Cinder Acolyte began the quest for the
                  | Orb.
     0 | D:1      | Reached XP level 1. HP: 23/23 MP: 4/4
   250 | D:1      | Reached XP level 2. HP: 29/29 MP: 5/5
   674 | D:1      | Reached XP level 3. HP: 35/35 MP: 7/7
   908 | D:2      | Reached skill level 1 in Invocations
  1404 | D:2      | Reached skill level 1 in Short Blades
  1404 | D:2      | Reached skill level 1 in Long Blades
  1404 | D:2      | Reached skill level 1 in Axes
  1404 | D:2      | Reached skill level 1 in Polearms
  1404 | D:2      | Reached skill level 1 in Staves
  1404 | D:2      | Reached skill level 1 in Ranged Weapons
  1404 | D:2      | Reached skill level 1 in Throwing
  1404 | D:2      | Reached skill level 1 in Armour
  1404 | D:2      | Reached skill level 1 in Dodging
  1404 | D:2      | Reached skill level 1 in Stealth
  1404 | D:2      | Reached skill level 1 in Shields
  1404 | D:2      | Reached skill level 1 in Unarmed Combat
  1404 | D:2      | Reached skill level 1 in Evocations
  1950 | D:2      | Learned a level 2 spell: Scorch
  2407 | D:3      | Reached XP level 4. HP: 41/41 MP: 8/8
  2548 | D:3      | Reached skill level 1 in Conjurations
  2548 | D:3      | Reached skill level 1 in Hexes
  2548 | D:3      | Reached skill level 1 in Summonings
  2548 | D:3      | Reached skill level 1 in Necromancy
  2548 | D:3      | Reached skill level 1 in Translocations
  2548 | D:3      | Reached skill level 1 in Transmutations
  2548 | D:3      | Reached skill level 1 in Ice Magic
  2548 | D:3      | Reached skill level 1 in Air Magic
  2548 | D:3      | Reached skill level 1 in Earth Magic
  2548 | D:3      | Reached skill level 1 in Poison Magic
  2929 | D:3      | Reached XP level 5. HP: 47/47 MP: 9/9
  3033 | D:3      | Found a faded altar of an unknown god.
  3130 | D:3      | Found a basalt altar of Yredelemnul.
  3160 | D:3      | Found a stormy altar of Qazlal.
  4016 | D:4      | Reached XP level 6. HP: 53/53 MP: 11/11
  4128 | D:4      | Noticed Menkaure
  4498 | D:4      | Found a shadowy altar of Dithmenos.
  4564 | D:4      | Reached XP level 7. HP: 40/60 MP: 12/12
  4818 | D:4      | Killed Menkaure
  5104 | D:5      | Entered Level 5 of the Dungeon
  5466 | D:5      | Reached XP level 8. HP: 17/67 MP: 14/14
  5629 | D:5      | Found a sacrificial altar of Ru.
  5676 | D:5      | Found Olez's Book Emporium.
  7349 | D:6      | Reached XP level 9. HP: 73/73 MP: 16/16
  7402 | D:6      | Reached skill level 5 in Spellcasting
  7958 | D:6      | Found an ornate altar of the Wu Jian Council.
  8993 | D:7      | Reached skill level 5 in Invocations
  9482 | D:7      | Found a staircase to the Ecumenical Temple.
  9489 | Temple   | Entered the Ecumenical Temple
  9582 | D:7      | Noticed Prince Ribbit
  9587 | D:7      | Noticed Joseph
  9589 | D:7      | Killed Prince Ribbit
  9600 | D:7      | Killed Joseph
 10178 | D:7      | Found a white marble altar of Elyvilon.
 10330 | D:7      | Reached skill level 5 in Short Blades
 10330 | D:7      | Reached skill level 5 in Long Blades
 10330 | D:7      | Reached skill level 5 in Axes
 10330 | D:7      | Reached skill level 5 in Polearms
 10330 | D:7      | Reached skill level 5 in Staves
 10330 | D:7      | Reached skill level 5 in Ranged Weapons
 10330 | D:7      | Reached skill level 5 in Throwing
 10330 | D:7      | Reached skill level 5 in Armour
 10330 | D:7      | Reached skill level 5 in Dodging
 10330 | D:7      | Reached skill level 5 in Stealth
 10330 | D:7      | Reached skill level 5 in Shields
 10330 | D:7      | Reached skill level 5 in Unarmed Combat
 10330 | D:7      | Reached skill level 5 in Evocations
 10330 | D:7      | Reached XP level 10. HP: 81/81 MP: 18/18
 10948 | D:7      | Found a broken altar of Ashenzari.
 10965 | D:7      | Got Loiroepp's Handbook of Intoxication
 11291 | D:8      | Found Wauwax's Jewellery Boutique.
 11500 | D:8      | Found an opulent altar of Gozag.
 11500 | D:8      | Found a burning altar of Makhleb.
 12095 | D:8      | Found a shimmering altar of Xom.
 12095 | D:8      | Found a shimmering altar of Xom.
 12095 | D:8      | Found a shimmering altar of Xom.
 13733 | D:9      | Noticed a two-headed ogre
 14528 | D:9      | Reached skill level 5 in Conjurations
 14528 | D:9      | Reached skill level 5 in Hexes
 14528 | D:9      | Reached skill level 5 in Summonings
 14528 | D:9      | Reached skill level 5 in Necromancy
 14528 | D:9      | Reached skill level 5 in Translocations
 14528 | D:9      | Reached skill level 5 in Transmutations
 14528 | D:9      | Reached skill level 5 in Ice Magic
 14528 | D:9      | Reached skill level 5 in Air Magic
 14528 | D:9      | Reached skill level 5 in Earth Magic
 14528 | D:9      | Reached skill level 5 in Poison Magic
 14529 | D:9      | Found a staircase to the Lair.
 14540 | D:9      | Reached XP level 11. HP: 88/89 MP: 21/21
 14643 | D:9      | Killed a two-headed ogre
 14809 | D:9      | Noticed a two-headed ogre
 15250 | D:9      | Killed a two-headed ogre
 15578 | D:10     | Entered Level 10 of the Dungeon
 16207 | D:10     | Found a snail-covered altar of Cheibriados.
 16207 | D:10     | Noticed Grum
 16227 | D:10     | Killed Grum
 16501 | D:10     | Found a staircase to the Orcish Mines.
 16573 | D:10     | Noticed Maggie
 16575 | D:10     | Noticed Urug
 16658 | D:10     | HP: 2/89 [gargoyle/+0 mace (20)]
 16659 | D:10     | Killed from afar by a gargoyle

Illustrated notes

Levels and vault maps discovered:
D:1:      saegor_arrival_simple_e, layout_loops_ring, due_unseen_surprise
D:2:      wad_lake_hut, layout_loops_ring
D:3:      layout_basic, overflow_temple_1_default, marbit_many_paths,
          dreamdust_ecumenical_altar_drowned_temple
D:4:      layout_basic, grunt_dithmenos_smoke_and_mirrors, uniq_menkaure
D:5:      minmay_inner_zag, layout_basic, hangedman_ru_absence, serial_shops,
          nicolae_shop_statue_plus
D:6:      layout_cave_pools, nzn_wu_jian_council_hall, kennysheep_generic_room_7
D:7:      layout_basic, mainiacjoe_overflow_six_doors_small, elyvilon_altar_4,
          minmay_temple_entry_statues_pillars, uniq_prince_ribbit1, uniq_joseph
D:8:      layout_gridville, xom_redecorated, jmf_multi_god_temple, serial_shops,
          nicolae_shop_waterfront, due_unseen_surprise
D:9:      layout_loops_cross, due_lair_maze_entry_diamond,
          hangedman_decor_slide_cut
D:10:     layout_irregular_city, mainiacjoe_overflow_chevrons,
          nicolae_uskayaw_suspiria, minmay_orc_entry_temple_small, uniq_urug,
          uniq_maggie, uniq_grum
Temple:   eino_wide_crystal_templ

Skill      XL: |  1  2  3  4  5  6  7  8  9 10 11 |
---------------+----------------------------------+-----
Invocations    | 1 2 3 4 5 6 7 |  7.3
Short Blades   | 1 2 3 5 6 |  6.7
Long Blades    | 1 2 3 5 6 |  6.7
Axes           | 1 2 3 5 6 |  6.7
Polearms       | 1 2 3 5 6 |  6.7
Staves         | 1 2 3 5 6 |  6.7
Ranged Weapons | 1 2 3 5 6 |  6.7
Throwing       | 1 2 3 5 6 |  6.7
Armour         | 1 2 3 5 6 |  6.7
Dodging        | 1 2 3 5 6 |  6.7
Stealth        | 1 2 3 5 6 |  6.7
Shields        | 1 2 3 5 6 |  6.7
Unarmed Combat | 1 2 3 5 6 |  6.7
Evocations     | 1 2 3 5 6 |  6.7
Spellcasting   | 3 4 5 6 7 |  7.3
Conjurations   | 1 2 3 4 5 |  5.5
Hexes          | 1 2 3 4 5 |  5.5
Summonings     | 1 2 3 4 5 |  5.5
Necromancy     | 1 2 3 4 5 |  5.5
Translocations | 1 2 3 4 5 |  5.5
Transmutations | 1 2 3 4 5 |  5.5
Ice Magic      | 1 2 3 4 5 |  5.5
Air Magic      | 1 2 3 4 5 |  5.5
Earth Magic    | 1 2 3 4 5 |  5.5
Poison Magic   | 1 2 3 4 5 |  5.5
Fighting       | 7 8 9 |  9.5
Maces & Flails | 7 8 9 |  9.5
Fire Magic     | 6 7 |  7.9

Action                   |  1- 3 |  4- 6 |  7- 9 | 10-12 || total
-------------------------+-------+-------+-------+-------++-------
Melee: Mace              |   114 |   150 |    32 |       ||   296
       Bite              |     5 |    14 |    27 |    44 ||    90
       Punch             |     2 |     2 |    10 |    17 ||    31
       Flail             |       |       |   256 |   251 ||   507
       Broad axe         |       |       |       |   132 ||   132
Throw: Dart              |    24 |    24 |    66 |    78 ||   192
       Boomerang         |       |       |     2 |       ||     2
       Javelin           |       |       |     7 |       ||     7
 Cast: Scorch            |       |     4 |    12 |       ||    16
Invok: Fiery Armour      |       |     1 |     4 |     2 ||     7
       Foxfire Swarm     |       |       |     1 |     1 ||     2
Evoke: Wand              |       |       |     6 |       ||     6
  Use: Scroll            |     4 |       |    13 |     6 ||    23
       Potion            |       |       |     6 |     6 ||    12
 Stab: Sleeping          |     1 |       |       |       ||     1
Armor: Robe              |    10 |       |       |       ||    10
       Ring mail         |    23 |       |       |       ||    23
       Scale mail        |     5 |    48 |    63 |       ||   116
       Chain mail        |       |       |    93 |   217 ||   310
       Skin              |       |       |     2 |       ||     2
Dodge: Dodged            |    47 |    53 |   143 |   176 ||   419
